 Dungeon Crawl Stone Soup version 0.29-a0-542-g075992c915 (webtiles) character file.

Game seed: 7381802346605458711

281 happo123 the Sneak (level 6, -1/33 (35) HPs)
             Began as a Kobold Enchanter on June 3, 2022.
             Slain by an orc wizard
             ... wielding a +1 dagger of speed
              (3 damage)
             ... on level 3 of the Dungeon.
             The game lasted 00:09:55 (2797 turns).

happo123 the Sneak (Kobold Enchanter)               Turns: 2797, Time: 00:09:56

HP:   -1/33 (35)    AC:  2    Str:  5    XL:     6   Next: 53%
MP:   0/10          EV: 15    Int: 19    God:
Gold: 145           SH:  0    Dex: 15    Spells: 3/11 levels left

rFire   . . .      SeeInvis .   a - +1 dagger
rCold   . . .      Faith    .   (no shield)
rNeg    . . .      Spirit   .   b - +0 robe
rPois   .          Reflect  .   (no helmet)
rElec   .          Harm     .   (no cloak)
rCorr   .          Rampage  .   (no gloves)
Will    +....                   (no boots)
Stlth   ++++......              s - amulet of regeneration
HPRegen 0.91/turn               t - ring of willpower
MPRegen 0.12/turn               (no ring)

@: confusing by touch, drained
A: small, no large weapons, nightstalker 3
a: no special abilities


You were on level 3 of the Dungeon.
You visited 1 branch of the dungeon, and saw 6 of its levels.

You collected 145 gold pieces.

Inventory:

Hand Weapons
 a - a +1 dagger (weapon)
Armour
 b - a +0 robe (worn)
Magical Staves
 w - a staff of earth
Jewellery
 s - an amulet of regeneration (around neck)
 t - a ring of willpower (left hand)
Scrolls
 d - a scroll of poison {unknown}
 f - 2 scrolls of immolation
 h - a scroll of brand weapon {unknown}
 j - a scroll of amnesia {unknown}
 k - a scroll of enchant armour {unknown}
 m - 6 scrolls of identify {unknown}
 n - 3 scrolls of teleportation {unknown}
 o - a scroll of magic mapping {unknown}
 p - 3 scrolls of blinking {unknown}
 u - a scroll of fear {unknown}
Potions
 c - a potion of invisibility
 e - 5 potions of brilliance {unknown}
 g - 2 potions of lignification {unknown}
 i - a potion of haste {unknown}
 l - a potion of heal wounds {unknown}
 q - a potion of mutation {unknown}
 r - a potion of flight {unknown}
 v - a potion of resistance {unknown}
 x - a potion of degeneration {unknown}


   Skills:
 + Level 2.2 Fighting
 + Level 3.1 Short Blades
 + Level 3.7 Dodging
 + Level 5.1 Stealth
 + Level 3.0 Spellcasting
 * Level 4.4 Hexes


You had 3 spell levels left.
You knew the following spells:

 Your Spells              Type           Power      Damage    Failure   Level
a - Ensorcelled Hibernat  Hex/Ice        22%        N/A       10%         2
b - Confusing Touch       Hex            19%        N/A       8%          3
c - Tukima's Dance        Hex            19%        N/A       8%          3

Your spell library contained the following spells:

 Spells                   Type           Power      Damage    Failure   Level
 Summon Small Mammal      Summ           8%         N/A       16%         1
 Dazzling Flash           Conj/Hex       22%        N/A       19%         3
 Summon Guardian Golem    Hex/Summ       11%        N/A       19%         3
 Call Canine Familiar     Summ           2%         N/A       41%         3


Dungeon Overview and Level Annotations

Branches:
Dungeon (6/15)
 Temple: D:4-7

Altars:

Shops:
D:4 *


Innate Abilities, Weirdness & Mutations

You are small and have problems with some larger weapons.
You are completely attuned to the shadows.


Message History

You are no longer poisoned.
The orc wizard completely misses you.
The orc wizard hits itself but does no damage.
You hit the orc wizard.
The orc wizard is lightly wounded.
The bat hits you but does no damage. The bat misses you.
The orc wizard closely misses you.
You hit the orc wizard but do no damage.
The orc wizard is lightly wounded.
The orc wizard seems less confused.
The bat closely misses you.
The orc wizard hits you with a +1 dagger of speed.
You hit the orc wizard but do no damage.
The orc wizard is lightly wounded.
The bat barely misses you.
The orc wizard gestures wildly while chanting.
The orc wizard flickers and vanishes!
Deactivating autopickup; reactivate with Ctrl-A.
You hit something. The bat closely misses you. Something barely misses you.
Your magical contamination has completely faded away.
You closely miss something.
The bat misses you. x2; Something hits you.
You miss something. The bat closely misses you. Something hits you.
* * * LOW HITPOINT WARNING * * *
Casting: Ensorcelled Hibernation (safe; 10% risk of failure)
Confirm with . or Enter, or press ? or * to list all spells.
The spell is quite dangerous to miscast (8% risk of failure)!
Continue anyway? [Y]es or [N]o only, please.
The spell is quite dangerous to miscast (8% risk of failure)!
Continue anyway? [Y]es or [N]o only, please.
The spell is quite dangerous to miscast (8% risk of failure)!
Continue anyway? [Y]es or [N]o only, please.
The spell is quite dangerous to miscast (8% risk of failure)!
Continue anyway? [Y]es or [N]o only, please.
The spell is quite dangerous to miscast (8% risk of failure)!
Continue anyway?
Your hands begin to glow red.
The bat barely misses you. Something hits you.
* * * LOW HITPOINT WARNING * * *
Something hits you.
* * * LOW HITPOINT WARNING * * *
You hit something but do no damage. The bat barely misses you.
Something hits you.
You die...

...... .........
#..#.....
#.#{.....
#.####..@b....
#....##.......
#....##.......
#.#....###.)....
#.#....###..)###
......'........
.#....####..###
#....# ##.#
#########....#
..


You could see a bat.

Vanquished Creatures
  A black bear (D:5)
  A lemure (D:5)
  A hound (D:5)
  An orc priest (D:5)
  An iguana (D:5)
  An orc wizard (D:3)
  A gnoll (D:1)
  An adder (D:3)
  A worm (D:2)
  3 dart slugs (D:1)
  4 orcs
  5 endoplasms
  2 giant cockroaches
  5 goblins
  4 hobgoblins
  3 kobolds
  3 quokkas
  A ball python (D:2)
  4 bats
  3 frilled lizards
  4 rats
50 creatures vanquished.

Notes
Turn   | Place    | Note
-------+----------+-------------------------------------------
     0 | D:1      | happo123 the Kobold Enchanter began the quest for the Orb.
     0 | D:1      | Reached XP level 1. HP: 10/10 MP: 3/3
    97 | D:1      | Reached XP level 2. HP: 16/16 MP: 5/5
   109 | D:1      | Learned a level 2 spell: Ensorcelled Hibernation
   280 | D:1      | Reached XP level 3. HP: 20/20 MP: 3/6
   284 | D:1      | Learned a level 3 spell: Confusing Touch
   579 | D:1      | Found a faded altar of an unknown god.
  1108 | D:2      | Reached skill level 1 in Fighting
  1567 | D:2      | Reached XP level 4. HP: 25/25 MP: 0/7
  2102 | D:3      | You fall into a shaft and drop 3 floors!
  2115 | D:5      | Entered Level 5 of the Dungeon
  2130 | D:5      | Noticed a lemure
  2158 | D:5      | Killed a lemure
  2210 | D:5      | Reached XP level 5. HP: 29/29 MP: 8/8
  2214 | D:5      | Learned a level 3 spell: Tukima's Dance
  2228 | D:5      | Noticed a vampire mosquito
  2239 | D:5      | Noticed a black bear
  2253 | D:5      | Killed a black bear
  2254 | D:5      | Reached skill level 5 in Stealth
  2254 | D:5      | Reached XP level 6. HP: 9/35 MP: 4/10
  2300 | D:5      | Noticed a vampire mosquito
  2402 | D:4      | Found Ellev's Assorted Antiques.
  2797 | D:3      | Slain by an orc wizard

Illustrated notes

Levels and vault maps discovered:
D:1:      nicolae_arrival_washed_ashore, layout_rooms,
          hellmonk_ecumenical_altar_blasted, minmay_close_crescents
D:2:      layout_loops_corners
D:3:      layout_basic, mainiacjoe_overflow_surrounded_room,
          minmay_misc_feat_enclosed, uniq_sigmund
D:4:      layout_gridville, temple_fountains, serial_shops,
          nicolae_shop_window_shopping
D:5:      layout_cave_pools, minivault_4, uniq_pikel
D:6:      layout_layer_cave

Skill      XL: |  1  2  3  4  5  6 |
---------------+-------------------+-----
Short Blades   | 2 3 |  3.1
Fighting       | 1 2 |  2.2
Dodging        | 3 |  3.7
Stealth        | 5 |  5.1
Hexes          | 4 |  4.4
Spellcasting   | 3 |  3.0

Action                   |  1- 3 |  4- 6 || total
-------------------------+-------+-------++-------
Melee: Dagger            |    41 |    51 ||    92
 Cast: Ensorcelled Hiber |    11 |     9 ||    20
       Confusing Touch   |       |     4 ||     4
  Use: Potion            |       |     1 ||     1
 Stab: Sleeping          |    20 |    16 ||    36
       Invisible         |       |     4 ||     4
       Confused          |       |     2 ||     2
Armor: Robe              |     5 |     6 ||    11
Dodge: Dodged            |    26 |    57 ||    83

Table legend: (Time is in decaauts)
 A = Elapsed time spent in this place.
 B = Non-inter-level travel time spent in this place.
 C = Inter-level travel time spent in this place.
 D = Time resting spent in this place.
 E = Time spent auto-exploring this place.
 F = Levels seen in this place.
 G = Mean time per level.
                   A        B        C        D        E       F      G
               +--------+--------+--------+--------+--------+-----+--------+
         Total |   2788 |   2459 |    329 |     29 |   1997 |   6 |  464.7 |
       Dungeon |   2788 |   2459 |    329 |     29 |   1997 |   6 |  464.7 |
               +--------+--------+--------+--------+--------+-----+--------+

Top non-repeatable levels by time:
     D:2: 1168 daAuts
     D:1: 951 daAuts
     D:3: 309 daAuts
     D:5: 236 daAuts
     D:4: 109 daAuts
     D:6: 12 daAuts
